 Dungeon Crawl Stone Soup version 0.28-a0-793-g31680bbd8b (webtiles) character file.

Game seed: 4097546338226312552

1073 horus123 the Protected (level 8, -4/63 (71) HPs)
             Began as a Hill Orc Fighter on Nov 5, 2021.
             Was an Initiate of Ashenzari.
             Slain by a hell rat (13 damage)
             ... on level 5 of the Dungeon.
             The game lasted 00:09:28 (6890 turns).

horus123 the Protected (Hill Orc Fighter)           Turns: 6890, Time: 00:09:28

HP:   -4/63 (71)    AC: 13    Str: 24    XL:     8   Next: 28%
MP:   8/8           EV: 10    Int: 14    God:    Ashenzari [......]
Gold: 479           SH:  4    Dex: 10    Spells: 7/7 levels left

rFire   . . .      SeeInvis .   a - +0 war axe
rCold   . . .      Faith    .   c - +0 buckler
rNeg    . . .      Spirit   .   d - +4 scale mail "Iritar" {Will+ Str+4 Int+5}
rPois   .          Reflect  .   (no helmet)
rElec   .          Harm     .   j - +0 cloak of Ashenzari's Secrets {Range, Self} (curse)
rCorr   .          Rampage  .   (no gloves)
Will    ++...                   (no boots)
Stlth   ..........              (no amulet)
HPRegen 0.20/turn               e - ring of willpower
MPRegen 0.11/turn               q - ring of wizardry

@: hasted, heavily drained, very quick
A: no striking features
a: Renounce Religion, Shatter the Chains


You were on level 5 of the Dungeon.
You worshipped Ashenzari.
Ashenzari was noncommittal.
You visited 2 branches of the dungeon, and saw 6 of its levels.

You collected 479 gold pieces.

Inventory:

Hand Weapons
 a - a +0 war axe (weapon)
 s - a +0 scimitar
Armour
 c - a +0 buckler (worn)
 d - the +4 scale mail "Iritar" (worn) {Will+ Str+4 Int+5}
   (You found it on level 5 of the Dungeon)

   Str:       It affects your strength (+4).
   Int:       It affects your intelligence (+5).
   Will:      It increases your willpower.
 j - the cursed +0 cloak of Ashenzari's Secrets (worn) {Range, Self}
   (You found it on level 2 of the Dungeon)

   It has a curse which improves the following skills: Ranged Combat: Slings,
   Bows, Crossbows and Throwing.
   Introspection: Fighting and Spellcasting.
Jewellery
 e - a ring of willpower (left hand)
 f - a ring of fire
 n - a ring of flight
 q - a ring of wizardry (right hand)
Wands
 k - a wand of acid (14)
 m - a wand of polymorph (19)
Scrolls
 p - a scroll of teleportation
 r - a scroll of identify
Potions
 g - a potion of degeneration
 h - a potion of lignification
 i - a potion of haste
 o - a potion of magic {unknown}


   Skills:
 - Level 6.4(6.9) Fighting
 - Level 5.0 Axes
 + Level 9.1 Armour
 - Level 3.2 Shields


You had 7 spell levels left.
You didn't know any spells.
Your spell library was empty.

Dungeon Overview and Level Annotations

Branches:
Dungeon (5/15)             Temple (1/1) D:4

Altars:
Ashenzari
Dithmenos
Elyvilon
Gozag
Hepliaklqana
Kikubaaqudgha
Nemelex Xobeh
Qazlal
Sif Muna
Trog
Uskayaw
Xom
Yredelemnul
The Shining One


Message History

Your Armour skill increases to level 9!
You barely miss the river rat.
The river rat is lightly wounded.
You hit the hell rat. x2; The hell rat closely misses you.
A river rat comes into view.
The river rat bites you! The hell rat closely misses you.
You barely miss the river rat.
The river rat is lightly wounded.
You hit the hell rat but do no damage. You hit the hell rat.
The hell rat barely misses you. The hell rat bites you!
You feel drained.
The river rat bites you but does no damage.
You closely miss the river rat.
The river rat is lightly wounded.
You hit the hell rat but do no damage. You hit the hell rat.
The hell rat twitches its whiskers.
The hell rat bites you!
You feel drained. You block the hell rat's attack.
A river rat comes into view.
The river rat closely misses you.
You barely miss the river rat. You barely miss the hell rat.
You closely miss the hell rat.
The hell rat bites you but does no damage.
The hell rat closely misses you.
You slash the river rat!
You kill the river rat!
You hit the hell rat. You barely miss the hell rat. The hell rat bites you.
The hell rat bites you but does no damage.
You hit the hell rat but do no damage.
The hell rat is heavily wounded.
You slash the hell rat!
You kill the hell rat!
The hell rat completely misses you.
You barely miss the hell rat.
The hell rat is heavily wounded.
You hit the hell rat. The hell rat bites you!
* * * LOW HITPOINT WARNING * * *
The hell rat closely misses you.
You barely miss the hell rat.
The hell rat is heavily wounded.
You hit the hell rat. The hell rat bites you!
You die...

. ##.##.#####.##.#†########..
.
_.#...8.##...#.#.##.#...####.
..#......#..###.###.#......#.
..#.......###.#####.###......
_.#...8.### . #.###.#####.#.
. ##.##.# ##. r.r##.## #.#.
## ..# #..#rrr.##.# #.#. ....
#.#rr# #†#####.#. ..... #.@#
##.##....#. ###... #r.#
#.###.####. ##. #..#
##.#....... #.## #.##.######
#.## ##†#........ ##†#
##.##...####.
#.####.###......#
##.##.##.....##.#.
##.#.##.#...<#.#.


You could see 3 hell rats and 5 river rats.

Vanquished Creatures
  Sigmund (D:4)
  A black bear (D:5)
  An ogre (D:5)
  A sky beast (D:5)
  A scorpion (D:4)
  A wight (D:5)
  2 hounds (D:5)
  An iguana (D:4)
  2 orc wizards (D:3)
  3 hell rats (D:5)
  3 hound skeletons
  7 gnolls (D:4)
  An adder (D:3)
  8 river rats (D:5)
  5 worms
  A dart slug (D:4)
  7 orcs
  3 ball pythons
  8 endoplasms
  A giant cockroach (D:2)
  26 goblins
  29 hobgoblins
  11 kobolds
  9 quokkas
  3 bats
  A frilled lizard (D:2)
  6 rats
143 creatures vanquished.

Notes
Turn   | Place    | Note
-------+----------+-------------------------------------------
     0 | D:1      | horus123 the Hill Orc Fighter began the quest for the Orb.
     0 | D:1      | Reached XP level 1. HP: 19/19 MP: 1/1
   338 | D:1      | Reached XP level 2. HP: 26/26 MP: 2/2
  1011 | D:2      | Reached XP level 3. HP: 27/31 MP: 3/3
  1341 | D:2      | Reached skill level 5 in Axes
  2399 | D:3      | Reached XP level 4. HP: 8/39 MP: 4/4
  2757 | D:3      | Reached skill level 4 in Armour
  2974 | D:3      | Reached XP level 5. HP: 35/45 MP: 5/5
  3245 | D:3      | Found a hide-covered altar of Uskayaw.
  3288 | D:3      | Reached skill level 5 in Armour
  3580 | D:3      | Found a shimmering blue altar of Sif Muna.
  4065 | D:4      | Found a staircase to the Ecumenical Temple.
  4190 | Temple   | Entered the Ecumenical Temple
  4444 | Temple   | Became a worshipper of Ashenzari the Shackled
  4653 | D:4      | Found a basalt altar of Yredelemnul.
  4667 | D:4      | Noticed Sigmund
  4678 | D:4      | Killed Sigmund
  4679 | D:4      | Reached skill level 6 in Armour
  4679 | D:4      | Reached XP level 6. HP: 44/51 MP: 6/6
  5040 | D:4      | Reached skill level 7 in Armour
  5381 | D:4      | Reached XP level 7. HP: 60/60 MP: 7/7
  5426 | D:4      | Reached skill level 5 in Fighting
  6126 | D:5      | Entered Level 5 of the Dungeon
  6393 | D:5      | Identified the +4 scale mail "Iritar" {Will+ Str+4 Int+5}
  6417 | D:5      | Reached skill level 8 in Armour
  6643 | D:5      | Reached XP level 8. HP: 63/71 MP: 8/8
  6690 | D:5      | Found an opulent altar of Gozag.
  6724 | D:5      | Found a glowing golden altar of the Shining One.
  6883 | D:5      | Reached skill level 9 in Armour
  6890 | D:5      | Slain by a hell rat

Illustrated notes

Levels and vault maps discovered:
D:1:      amcnicky_arrival_underground_garden, layout_basic, serial_glass,
          glass_columns_c, glass_columns_a, item_on_display_a,
          serial_park_tiny_2, hangedman_decor_peaks_small,
          kennysheep_another_room
D:2:      layout_basic
D:3:      layout_loops_corners, led_sif_book, eat_drink_and_be_merry_uskayaw
D:4:      minmay_goblin_kobold_castle, layout_basic, amcnicky_altar_gilded,
          minmay_temple_entry_poolview, corexii_leaking_fountain, uniq_sigmund
D:5:      wander_guarded_unrand_ratskin, layout_basic, jmf_multi_god_temple,
          uniq_edmund
Temple:   jpeg_temple_island

Skill      XL: |  1  2  3  4  5  6  7  8 |
---------------+-------------------------+-----
Axes           | 3 4 5 |  5.0
Armour         | 4 6 7 8 9 |  9.1
Fighting       | 4 6 |  6.4
Shields        | |  3.2

Action                   |  1- 3 |  4- 6 |  7- 9 || total
-------------------------+-------+-------+-------++-------
Melee: War axe           |   112 |   135 |   151 ||   398
Invok: Curse Item        |       |       |     1 ||     1
  Use: Scroll            |     3 |     3 |       ||     6
       Potion            |       |     1 |     4 ||     5
Armor: Scale mail        |    39 |    67 |    66 ||   172
Dodge: Dodged            |    46 |    71 |    68 ||   185
Block: Buckler           |    27 |    44 |    34 ||   105

Table legend: (Time is in decaauts)
 A = Elapsed time spent in this place.
 B = Non-inter-level travel time spent in this place.
 C = Inter-level travel time spent in this place.
 D = Time resting spent in this place.
 E = Time spent auto-exploring this place.
 F = Levels seen in this place.
 G = Mean time per level.
                   A        B        C        D        E       F      G
               +--------+--------+--------+--------+--------+-----+--------+
         Total |   7047 |   6804 |    243 |    837 |   4890 |   6 | 1174.5 |
       Dungeon |   6723 |   6506 |    217 |    837 |   4622 |   5 | 1344.6 |
        Temple |    324 |    298 |     26 |      0 |    267 |   1 |  324.0 |
               +--------+--------+--------+--------+--------+-----+--------+

Top non-repeatable levels by time:
     D:4: 2040 daAuts
     D:3: 1585 daAuts
     D:2: 1309 daAuts
     D:1: 1005 daAuts
     D:5: 783 daAuts
  Temple: 324 daAuts
